[ AOE2 MATCH · #479750486 ]
UnrankedEthiopians vs Celts
[ REPLAY ANALYSIS · EXTRACTED FROM THE RECORDED GAME ]
Feudal
12:18
Castle
23:55
Imperial
46:29
| APM avg | 22.8 |
| APM peak | 67 |
| eAPM avg | 16.2 |
| Villagers / military | 174 / 130 |
Focus
⚔️ 26.8% · 🌾 73.2%
Spearman ×66 · Archer ×41 · Shotel Warrior ×9 · Bombard Cannon ×7 · Mangonel ×5 · Monk ×1
Feudal
12:26
Castle
23:52
Imperial
35:55
| APM avg | 11.5 |
| APM peak | 34 |
| eAPM avg | 10.5 |
| Villagers / military | 159 / 332 |
Focus
⚔️ 37.9% · 🌾 62.1%
Spearman ×154 · Woad Raider ×92 · Scorpion ×80 · Trade Cart ×8 · Trebuchet (Packed) ×5 · Monk ×1
Feudal
13:15
Castle
21:35
Imperial
41:38
| APM avg | 14.7 |
| APM peak | 46 |
| eAPM avg | 10.6 |
| Villagers / military | 105 / 160 |
Focus
⚔️ 33.2% · 🌾 66.8%
Scout Cavalry ×52 · Ballista Elephant ×48 · Scorpion ×45 · Trade Cart ×20 · Battle Elephant ×12 · Fishing Ship ×3
Feudal
19:49
Castle
—
Imperial
—
| APM avg | 4.2 |
| APM peak | 33 |
| eAPM avg | 2.7 |
| Villagers / military | 62 / 13 |
Focus
⚔️ 11.1% · 🌾 88.9%
Militia ×13
Feudal
—
Castle
—
Imperial
—
| APM avg | 23.4 |
| APM peak | 79 |
| eAPM avg | 14.3 |
| Villagers / military | 148 / 302 |
Focus
⚔️ 32.4% · 🌾 67.6%
Militia ×77 · Samurai ×48 · Archer ×42 · Spearman ×40 · Scout Cavalry ×40 · Skirmisher ×25
Feudal
—
Castle
—
Imperial
—
| APM avg | 21.6 |
| APM peak | 59 |
| eAPM avg | 13.3 |
| Villagers / military | 114 / 102 |
Focus
⚔️ 38.0% · 🌾 62.0%
Knight ×54 · Teutonic Knight ×29 · Trade Cart ×27 · Bombard Cannon ×10 · Scout Cavalry ×5 · Battering Ram ×3
Feudal
—
Castle
—
Imperial
—
| APM avg | 1.9 |
| APM peak | 27 |
| eAPM avg | 1.0 |
| Villagers / military | 20 / 0 |
Focus
⚔️ 17.4% · 🌾 82.6%
Feudal
16:14
Castle
27:53
Imperial
48:19
| APM avg | 20.0 |
| APM peak | 68 |
| eAPM avg | 15.8 |
| Villagers / military | 193 / 146 |
Focus
⚔️ 33.7% · 🌾 66.3%
Janissary ×98 · Camel Scout ×24 · Scout Cavalry ×15 · Knight ×5 · Trebuchet (Packed) ×3 · Mangonel ×1
Match map
Initial resources + every placement click. Lines = walls · curves = elevation contours. ◆ gold · ⬟ stone · ● berries · ✦ relic · ◌ wall gap
Your base· ✓ Closed at 23:55 · 12t walls · no gate
DarkMatrix's base· Open — opponent sealed themselves in
miri__27's base· ✓ Closed at 21:35 · 39t walls · no gate
zelda699's base· Open — opponent sealed themselves in
KarlMarx6470's base· ✓ Closed at 25:36 · 11t walls · 4 gate(s) · fragile
webitos9958's base· Open — opponent sealed themselves in
jeandesroche's base· ✓ Closed at 12:00 · 24t walls · no gate
TURKS COMING!'s base· ✓ Closed at 27:53 · 45t walls · 1 gate(s) · fragile
Smoothed initial terrain · ◌ = detected wall gap · hover for details
Inputs per minute
— DialZero - - DarkMatrix
Build order — DialZero
First 150 of 499 actions detected
| 0:01 | Create | Villager (Male) |
| 0:02 | Research | Loom |
| 0:02 | Create | Villager (Male) |
| 0:02 | Create | Villager (Male) |
| 0:02 | Create | Villager (Male) |
| 0:03 | Create | Villager (Male) |
| 0:03 | Create | Villager (Male) |
| 0:04 | Build | House |
| 0:41 | Build | Palisade Wall |
| 0:44 | Build | Palisade Wall |
| 0:46 | Build | Palisade Wall |
| 2:39 | Create | Villager (Male) |
| 2:40 | Create | Villager (Male) |
| 2:59 | Build | House |
| 3:36 | Create | Villager (Male) |
| 3:36 | Create | Villager (Male) |
| 3:43 | Build | Lumber Camp |
| 4:13 | Create | Villager (Male) |
| 4:14 | Create | Villager (Male) |
| 4:14 | Create | Villager (Male) |
| 4:51 | Create | Villager (Male) |
| 4:51 | Create | Villager (Male) |
| 4:53 | Create | Villager (Male) |
| 4:53 | Create | Villager (Male) |
| 5:32 | Build | House |
| 6:03 | Create | Villager (Male) |
| 6:04 | Create | Villager (Male) |
| 6:04 | Create | Villager (Male) |
| 6:34 | Create | Villager (Male) |
| 6:34 | Create | Villager (Male) |
| 6:34 | Create | Villager (Male) |
| 6:34 | Create | Villager (Male) |
| 6:36 | Build | House |
| 7:55 | Build | House |
| 8:23 | Build | Mill |
| 8:25 | Create | Villager (Male) |
| 8:25 | Create | Villager (Male) |
| 8:25 | Create | Villager (Male) |
| 8:45 | Create | Villager (Male) |
| 9:28 | Create | Villager (Male) |
| 9:28 | Create | Villager (Male) |
| 10:08 | Research | Feudal Age |
| 10:09 | Research | Feudal Age |
| 10:35 | Create | Villager (Male) |
| 10:45 | Build | House |
| 10:54 | Build | House |
| 11:27 | Build | Barracks |
| 12:18 | Age | Feudal Age |
| 12:46 | Build | Archery Range |
| 13:23 | Build | Watch Tower |
| 13:40 | Create | Archer |
| 13:40 | Create | Archer |
| 13:41 | Create | Archer |
| 14:47 | Create | Villager (Male) |
| 14:48 | Create | Villager (Male) |
| 14:48 | Create | Villager (Male) |
| 14:51 | Build | Farm |
| 14:53 | Build | Farm |
| 15:05 | Build | Market |
| 15:19 | Research | Double-Bit Axe |
| 15:33 | Create | Villager (Male) |
| 15:44 | Build | Farm |
| 15:47 | Build | Farm |
| 16:19 | Build | Lumber Camp |
| 16:22 | Create | Villager (Male) |
| 16:22 | Create | Villager (Male) |
| 16:32 | Build | Farm |
| 16:34 | Build | Farm |
| 16:58 | Create | Archer |
| 17:03 | Create | Villager (Male) |
| 17:03 | Create | Villager (Male) |
| 17:25 | Build | Mill |
| 17:33 | Create | Villager (Male) |
| 17:36 | Build | House |
| 17:37 | Build | House |
| 17:38 | Create | Villager (Male) |
| 17:39 | Create | Villager (Male) |
| 17:45 | Create | Villager (Male) |
| 17:50 | Build | Farm |
| 17:52 | Build | Farm |
| 18:02 | Build | Farm |
| 18:10 | Build | Farm |
| 18:49 | Build | Mining Camp |
| 19:22 | Create | Villager (Male) |
| 19:29 | Build | House |
| 19:30 | Build | House |
| 19:35 | Create | Villager (Male) |
| 19:57 | Create | Archer |
| 19:57 | Create | Archer |
| 20:10 | Build | Blacksmith |
| 20:35 | Build | House |
| 20:40 | Build | Farm |
| 20:49 | Create | Archer |
| 21:15 | Research | Castle Age |
| 21:26 | Build | Farm |
| 21:29 | Build | Farm |
| 21:53 | Research | Fletching |
| 22:01 | Build | House |
| 22:20 | Build | House |
| 23:13 | Build | Farm |
| 23:16 | Build | Farm |
| 23:16 | Build | Farm |
| 23:16 | Build | Farm |
| 23:17 | Build | Farm |
| 23:17 | Build | Farm |
| 23:17 | Build | Farm |
| 23:35 | Build | Farm |
| 23:55 | Age | Castle Age |
| 24:05 | Build | Siege Workshop |
| 24:14 | Create | Villager (Male) |
| 24:19 | Research | Crossbowman (upgrade) |
| 24:33 | Create | Archer |
| 24:36 | Create | Villager (Male) |
| 24:36 | Create | Villager (Male) |
| 24:55 | Build | Mining Camp |
| 24:56 | Create | Villager (Male) |
| 24:57 | Create | Villager (Male) |
| 25:00 | Create | Villager (Male) |
| 25:31 | Create | Mangonel |
| 25:39 | Create | Villager (Male) |
| 25:39 | Create | Villager (Male) |
| 25:53 | Create | Villager (Male) |
| 26:06 | Create | Archer |
| 26:34 | Build | Town Center |
| 27:37 | Build | Town Center |
| 28:24 | Create | Villager (Male) |
| 28:25 | Create | Villager (Male) |
| 28:25 | Create | Villager (Male) |
| 28:25 | Create | Villager (Male) |
| 28:25 | Create | Villager (Male) |
| 28:25 | Create | Villager (Male) |
| 28:26 | Create | Villager (Male) |
| 28:37 | Research | Bow Saw |
| 28:44 | Create | Villager (Male) |
| 28:44 | Create | Villager (Male) |
| 28:44 | Create | Villager (Male) |
| 28:59 | Create | Villager (Male) |
| 29:01 | Create | Archer |
| 29:02 | Create | Archer |
| 29:16 | Create | Villager (Male) |
| 29:16 | Create | Villager (Male) |
| 29:18 | Create | Villager (Male) |
| 29:19 | Create | Villager (Male) |
| 29:24 | Build | Farm |
| 29:24 | Build | Farm |
| 29:29 | Build | Farm |
| 29:34 | Create | Villager (Male) |
| 29:34 | Create | Villager (Male) |
| 29:34 | Create | Villager (Male) |
| 29:35 | Create | Villager (Male) |
Build order — DarkMatrix
First 150 of 370 actions detected
| 0:18 | Build | House |
| 0:21 | Create | Villager (Male) |
| 0:22 | Create | Villager (Male) |
| 0:23 | Create | Villager (Male) |
| 0:24 | Create | Villager (Male) |
| 0:54 | Research | Loom |
| 0:56 | Create | Villager (Male) ×3 |
| 1:24 | Create | Villager (Male) |
| 1:24 | Create | Villager (Male) |
| 1:26 | Create | Villager (Male) |
| 1:26 | Create | Villager (Male) |
| 1:29 | Create | Villager (Male) |
| 1:29 | Create | Villager (Male) |
| 1:31 | Create | Villager (Male) |
| 1:31 | Create | Villager (Male) |
| 1:33 | Create | Villager (Male) |
| 1:35 | Create | Villager (Male) |
| 1:37 | Create | Villager (Male) |
| 1:39 | Create | Villager (Male) |
| 1:40 | Create | Villager (Male) |
| 1:44 | Create | Villager (Male) |
| 1:44 | Create | Villager (Male) |
| 2:12 | Create | Villager (Male) |
| 2:38 | Create | Villager (Male) |
| 2:53 | Build | House |
| 2:54 | Build | House |
| 2:55 | Build | House |
| 3:03 | Research | Loom |
| 3:03 | Create | Villager (Male) |
| 3:42 | Create | Villager (Male) |
| 4:35 | Create | Villager (Male) |
| 4:35 | Create | Villager (Male) |
| 5:06 | Create | Villager (Male) |
| 5:43 | Create | Villager (Male) |
| 5:43 | Create | Villager (Male) |
| 5:56 | Create | Villager (Male) |
| 6:34 | Create | Villager (Male) |
| 6:56 | Build | Mill |
| 7:12 | Create | Villager (Male) |
| 7:13 | Create | Villager (Male) |
| 7:44 | Create | Villager (Male) |
| 8:35 | Create | Villager (Male) |
| 8:35 | Create | Villager (Male) |
| 9:14 | Create | Villager (Male) |
| 9:32 | Build | Lumber Camp |
| 9:51 | Create | Villager (Male) |
| 10:16 | Research | Feudal Age |
| 10:17 | Research | Feudal Age |
| 10:26 | Build | House |
| 10:28 | Build | House |
| 10:30 | Build | House |
| 10:51 | Build | Mining Camp |
| 11:13 | Build | Dock |
| 11:51 | Build | Mill |
| 12:26 | Age | Feudal Age |
| 12:32 | Create | Villager (Male) ×5 |
| 13:02 | Build | Mill |
| 13:49 | Research | Gold Mining |
| 13:51 | Research | Double-Bit Axe |
| 13:53 | Research | Horse Collar |
| 14:02 | Create | Villager (Male) |
| 14:02 | Create | Villager (Male) |
| 14:16 | Create | Villager (Male) |
| 14:17 | Create | Villager (Male) |
| 15:35 | Build | Farm |
| 15:36 | Build | Farm |
| 15:37 | Build | Farm |
| 15:39 | Build | Farm |
| 15:40 | Build | Farm |
| 15:42 | Build | Farm |
| 15:45 | Build | Farm |
| 15:53 | Build | Farm |
| 15:55 | Create | Villager (Male) |
| 15:56 | Create | Villager (Male) |
| 15:58 | Create | Villager (Male) |
| 15:58 | Create | Villager (Male) |
| 16:33 | Build | Farm |
| 16:35 | Build | Farm |
| 16:37 | Create | Villager (Male) |
| 16:55 | Create | Villager (Male) |
| 17:19 | Create | Villager (Male) |
| 17:50 | Build | Blacksmith |
| 17:58 | Research | Wheelbarrow |
| 18:11 | Build | House |
| 18:12 | Build | House |
| 18:21 | Build | Market |
| 18:37 | Create | Villager (Male) |
| 18:38 | Create | Villager (Male) |
| 19:07 | Build | House |
| 19:08 | Build | House |
| 19:09 | Build | House |
| 19:10 | Build | House |
| 19:48 | Build | Farm |
| 19:48 | Build | Farm |
| 19:48 | Build | Farm |
| 19:49 | Build | Farm |
| 20:00 | Build | Farm |
| 20:03 | Create | Villager (Male) |
| 20:15 | Build | Farm |
| 20:27 | Build | Mining Camp |
| 20:32 | Create | Villager (Male) |
| 20:42 | Build | Lumber Camp |
| 20:56 | Build | Farm |
| 20:56 | Build | Farm |
| 20:56 | Build | Farm |
| 20:56 | Build | Farm |
| 20:57 | Build | Farm |
| 20:57 | Build | Farm |
| 21:00 | Build | Farm |
| 21:02 | Build | Farm |
| 21:03 | Build | Farm |
| 21:12 | Research | Castle Age |
| 21:20 | Research | Stone Mining |
| 21:39 | Build | House |
| 21:49 | Build | Farm |
| 22:22 | Build | Farm |
| 22:29 | Create | Villager (Male) ×5 |
| 23:52 | Age | Castle Age |
| 24:07 | Research | Heavy Plow |
| 24:09 | Research | Bow Saw |
| 24:16 | Research | Gold Shaft Mining |
| 24:37 | Build | Town Center |
| 24:44 | Research | Forging |
| 24:44 | Research | Scale Mail Armor |
| 24:47 | Create | Villager (Male) |
| 25:14 | Create | Villager (Male) |
| 26:08 | Build | Town Center |
| 26:17 | Create | Villager (Male) ×5 |
| 27:06 | Create | Villager (Male) |
| 27:16 | Research | Iron Casting |
| 27:17 | Research | Chain Mail Armor |
| 27:25 | Create | Villager (Male) |
| 27:26 | Create | Villager (Male) |
| 27:39 | Create | Villager (Male) |
| 27:39 | Create | Villager (Male) |
| 27:43 | Create | Villager (Male) |
| 27:55 | Research | Stone Shaft Mining |
| 28:00 | Create | Villager (Male) ×5 |
| 28:33 | Research | Fletching |
| 28:41 | Create | Villager (Male) |
| 28:55 | Create | Villager (Male) |
| 28:56 | Create | Villager (Male) |
| 29:00 | Build | Farm |
| 29:04 | Create | Villager (Male) |
| 29:04 | Create | Villager (Male) |
| 29:10 | Create | Villager (Male) |
| 29:13 | Create | Villager (Male) |
| 29:13 | Create | Villager (Male) |
| 29:30 | Build | Barracks |
| 29:46 | Build | Farm |
Build order — miri__27
First 150 of 423 actions detected
| 0:02 | Create | Villager (Male) |
| 0:03 | Create | Villager (Male) |
| 0:03 | Create | Villager (Male) |
| 0:03 | Create | Villager (Male) |
| 0:03 | Create | Villager (Male) |
| 0:06 | Build | House |
| 0:08 | Build | House |
| 0:40 | Research | Loom |
| 1:49 | Create | Villager (Male) |
| 1:50 | Create | Villager (Male) |
| 1:56 | Build | Palisade Wall |
| 2:02 | Build | Palisade Wall |
| 2:22 | Create | Villager (Male) |
| 3:11 | Build | House |
| 3:12 | Build | House |
| 3:13 | Build | House |
| 3:21 | Build | House |
| 3:22 | Build | House |
| 3:24 | Build | House |
| 3:26 | Create | Villager (Male) |
| 3:27 | Create | Villager (Male) |
| 3:27 | Create | Villager (Male) |
| 4:39 | Create | Villager (Male) |
| 4:40 | Create | Villager (Male) |
| 5:30 | Build | Lumber Camp |
| 7:14 | Create | Villager (Male) |
| 7:15 | Create | Villager (Male) |
| 7:15 | Create | Villager (Male) |
| 7:50 | Create | Villager (Male) |
| 8:39 | Create | Villager (Male) |
| 9:00 | Build | Palisade Wall |
| 11:05 | Research | Feudal Age |
| 11:38 | Build | Dock |
| 12:37 | Create | Fishing Ship |
| 12:50 | Build | Mill |
| 13:15 | Age | Feudal Age |
| 13:18 | Create | Villager (Male) |
| 13:19 | Create | Villager (Male) |
| 13:19 | Create | Villager (Male) |
| 13:30 | Build | Stable |
| 13:39 | Create | Villager (Male) |
| 13:40 | Create | Villager (Male) |
| 13:41 | Research | Double-Bit Axe |
| 13:48 | Build | Mining Camp |
| 13:53 | Research | Horse Collar |
| 14:15 | Create | Villager (Male) |
| 14:40 | Build | Stable |
| 15:41 | Build | Lumber Camp |
| 15:45 | Create | Villager (Male) |
| 15:54 | Create | Demolition Raft |
| 16:42 | Create | Villager (Male) |
| 16:59 | Build | Farm |
| 16:59 | Build | Farm |
| 16:59 | Build | Farm |
| 17:00 | Build | Farm |
| 17:00 | Build | Farm |
| 17:00 | Build | Farm |
| 17:27 | Build | Farm |
| 17:36 | Create | Villager (Male) |
| 17:46 | Build | Farm |
| 18:44 | Build | Stable |
| 18:55 | Research | Castle Age |
| 19:08 | Create | Villager (Male) |
| 19:08 | Create | Villager (Male) |
| 19:54 | Create | Villager (Male) |
| 20:00 | Build | Blacksmith |
| 20:37 | Build | Market |
| 21:15 | Create | Villager (Male) |
| 21:16 | Create | Villager (Male) |
| 21:29 | Build | Farm |
| 21:30 | Build | Farm |
| 21:31 | Build | Farm |
| 21:35 | Age | Castle Age |
| 21:56 | Build | Fish Trap |
| 22:16 | Create | Battle Elephant |
| 22:16 | Create | Battle Elephant |
| 22:40 | Create | Villager (Male) |
| 22:40 | Create | Villager (Male) |
| 22:46 | Research | Bow Saw |
| 22:57 | Create | Villager (Male) |
| 22:58 | Create | Villager (Male) |
| 23:02 | Build | House |
| 23:03 | Build | House |
| 23:03 | Build | House |
| 23:31 | Research | Scale Barding Armor |
| 23:33 | Create | Villager (Male) |
| 23:33 | Create | Villager (Male) |
| 23:34 | Create | Villager (Male) |
| 23:36 | Build | Farm |
| 23:42 | Build | Farm |
| 23:47 | Build | House |
| 23:51 | Create | Villager (Male) |
| 23:52 | Create | Villager (Male) |
| 24:22 | Create | Villager (Male) |
| 24:23 | Create | Villager (Male) |
| 24:37 | Build | Town Center |
| 24:41 | Build | House |
| 24:53 | Build | Town Center |
| 24:57 | Create | Villager (Male) |
| 24:57 | Create | Villager (Male) |
| 25:08 | Create | Villager (Male) |
| 25:08 | Create | Villager (Male) |
| 25:27 | Create | Villager (Male) |
| 25:27 | Create | Villager (Male) |
| 25:33 | Create | Demolition Raft |
| 25:38 | Build | Farm |
| 25:53 | Build | Farm |
| 25:57 | Create | Trade Cart |
| 25:58 | Create | Trade Cart |
| 25:58 | Create | Trade Cart |
| 26:04 | Create | Villager (Male) |
| 26:04 | Create | Villager (Male) |
| 26:27 | Create | Battle Elephant |
| 26:27 | Create | Battle Elephant |
| 26:31 | Create | Villager (Male) |
| 26:31 | Create | Villager (Male) |
| 26:47 | Build | House |
| 26:48 | Build | House |
| 27:45 | Build | Siege Workshop |
| 27:57 | Create | Villager (Male) |
| 27:58 | Create | Villager (Male) |
| 28:05 | Create | Villager (Male) |
| 28:06 | Create | Villager (Male) |
| 28:15 | Build | Farm |
| 28:15 | Build | Farm |
| 28:26 | Create | Fishing Ship |
| 28:41 | Create | Villager (Male) |
| 28:41 | Create | Villager (Male) |
| 28:51 | Build | Farm |
| 28:56 | Build | Farm |
| 29:13 | Build | Fish Trap |
| 29:15 | Create | Villager (Male) |
| 29:16 | Create | Villager (Male) |
| 29:25 | Create | Scorpion |
| 29:25 | Create | Scorpion |
| 29:26 | Create | Scorpion |
| 29:26 | Create | Scorpion |
| 30:10 | Research | Forging |
| 30:12 | Create | Villager (Male) |
| 30:12 | Create | Villager (Male) |
| 30:12 | Create | Villager (Male) |
| 30:21 | Build | House |
| 30:47 | Create | Scorpion |
| 30:47 | Create | Scorpion |
| 30:58 | Build | House |
| 30:59 | Build | House |
| 30:59 | Build | House |
| 30:59 | Build | House |
| 31:01 | Create | Villager (Male) |
| 31:02 | Create | Villager (Male) |
Build order — zelda699
120 actions detected in the replay
| 0:01 | Create | Villager (Male) |
| 0:02 | Create | Villager (Male) |
| 0:02 | Create | Villager (Male) |
| 0:02 | Create | Villager (Male) |
| 0:02 | Create | Villager (Male) |
| 0:12 | Build | House |
| 0:13 | Build | House |
| 0:53 | Research | Loom |
| 1:47 | Create | Villager (Male) |
| 1:47 | Create | Villager (Male) |
| 2:09 | Create | Villager (Male) |
| 2:10 | Create | Villager (Male) |
| 3:06 | Create | Villager (Male) |
| 3:06 | Create | Villager (Male) |
| 3:06 | Create | Villager (Male) |
| 3:30 | Build | Barracks |
| 4:01 | Create | Villager (Male) |
| 4:01 | Create | Villager (Male) |
| 4:02 | Create | Villager (Male) |
| 4:33 | Build | Mining Camp |
| 5:00 | Create | Militia |
| 5:00 | Create | Militia |
| 5:14 | Create | Villager (Male) |
| 5:18 | Build | House |
| 5:47 | Build | Mill |
| 5:50 | Create | Villager (Male) |
| 5:51 | Create | Villager (Male) |
| 6:12 | Create | Militia |
| 6:52 | Create | Militia |
| 7:45 | Create | Militia |
| 7:49 | Build | House |
| 7:50 | Build | House |
| 8:41 | Create | Villager (Male) |
| 8:41 | Create | Villager (Male) |
| 9:10 | Build | Lumber Camp |
| 9:26 | Create | Militia |
| 10:10 | Create | Villager (Male) |
| 10:11 | Create | Villager (Male) |
| 10:11 | Create | Villager (Male) |
| 10:11 | Create | Villager (Male) |
| 10:11 | Create | Villager (Male) |
| 10:11 | Create | Villager (Male) |
| 10:20 | Build | House |
| 10:22 | Build | House |
| 10:33 | Create | Militia |
| 11:05 | Create | Militia |
| 11:17 | Create | Militia |
| 12:26 | Create | Militia |
| 12:28 | Create | Militia |
| 12:28 | Create | Militia |
| 12:56 | Create | Militia |
| 13:32 | Create | Villager (Male) |
| 13:33 | Create | Villager (Male) |
| 13:33 | Create | Villager (Male) |
| 13:33 | Create | Villager (Male) |
| 13:33 | Create | Villager (Male) |
| 13:48 | Build | Farm |
| 13:49 | Build | Farm |
| 13:50 | Build | Farm |
| 13:50 | Build | Farm |
| 13:51 | Build | Farm |
| 13:51 | Build | Farm |
| 13:52 | Build | Farm |
| 13:53 | Build | Farm |
| 13:53 | Build | Farm |
| 13:54 | Build | Farm |
| 13:55 | Build | Farm |
| 13:56 | Build | Farm |
| 15:06 | Build | House |
| 15:08 | Build | House |
| 15:10 | Build | House |
| 15:13 | Build | House |
| 15:15 | Build | House |
| 15:16 | Build | House |
| 15:19 | Build | House |
| 15:20 | Build | House |
| 15:30 | Create | Villager (Male) ×4 |
| 15:30 | Create | Villager (Male) ×4 |
| 17:29 | Build | Farm |
| 17:29 | Build | Farm |
| 17:30 | Build | Farm |
| 17:31 | Build | Farm |
| 17:39 | Research | Feudal Age |
| 18:29 | Build | Lumber Camp |
| 19:11 | Create | Villager (Male) |
| 19:11 | Create | Villager (Male) |
| 19:11 | Create | Villager (Male) |
| 19:13 | Create | Villager (Male) |
| 19:49 | Age | Feudal Age |
| 19:53 | Research | Double-Bit Axe |
| 19:57 | Research | Man-at-Arms (upgrade) |
| 20:01 | Research | Horse Collar |
| 20:10 | Build | Blacksmith |
| 20:14 | Build | Market |
| 20:21 | Research | Wheelbarrow |
| 20:43 | Build | Watch Tower |
| 20:49 | Research | Gold Mining |
| 20:55 | Create | Villager (Male) ×2 |
| 21:25 | Research | Scale Mail Armor |
| 21:43 | Research | Arson |
| 23:27 | Build | Farm |
| 23:28 | Build | Farm |
| 23:29 | Build | Farm |
| 23:29 | Build | Farm |
| 23:30 | Build | Farm |
| 23:31 | Build | Farm |
| 23:32 | Build | Farm |
| 23:33 | Build | Farm |
| 23:33 | Build | Farm |
| 23:34 | Build | Farm |
| 23:35 | Build | Farm |
| 23:36 | Build | Farm |
| 23:37 | Build | Farm |
| 23:38 | Build | Farm |
| 23:38 | Build | Farm |
| 23:41 | Build | Farm |
| 23:47 | Create | Villager (Male) ×5 |
| 23:47 | Create | Villager (Male) ×5 |
| 23:47 | Create | Villager (Male) ×5 |
| 23:48 | Create | Villager (Male) ×2 |
Build order — KarlMarx6470
First 150 of 413 actions detected
| 0:05 | Build | House |
| 0:07 | Build | House |
| 0:08 | Create | Villager (Male) |
| 0:09 | Create | Villager (Male) |
| 0:09 | Create | Villager (Male) |
| 0:52 | Create | Villager (Male) |
| 0:53 | Create | Villager (Male) |
| 1:41 | Create | Villager (Male) |
| 1:41 | Create | Villager (Male) |
| 1:42 | Create | Villager (Male) |
| 2:15 | Create | Villager (Male) |
| 2:16 | Create | Villager (Male) |
| 2:43 | Create | Villager (Male) |
| 2:43 | Create | Villager (Male) |
| 3:06 | Create | Villager (Male) |
| 3:07 | Create | Villager (Male) |
| 3:36 | Research | Loom |
| 3:39 | Build | House |
| 4:12 | Create | Villager (Male) |
| 4:13 | Create | Villager (Male) |
| 4:49 | Build | House |
| 5:14 | Create | Villager (Male) |
| 5:14 | Create | Villager (Male) |
| 5:30 | Build | Dock |
| 6:12 | Create | Villager (Male) |
| 6:12 | Create | Villager (Male) |
| 6:12 | Create | Villager (Male) |
| 6:54 | Create | Villager (Male) |
| 6:54 | Create | Villager (Male) |
| 7:08 | Create | Fishing Ship |
| 7:08 | Create | Fishing Ship |
| 7:14 | Create | Villager (Male) |
| 8:52 | Create | Villager (Male) |
| 8:52 | Create | Villager (Male) |
| 8:53 | Create | Villager (Male) |
| 8:53 | Create | Villager (Male) |
| 8:53 | Create | Villager (Male) |
| 9:10 | Build | Lumber Camp |
| 9:25 | Build | Mill |
| 9:38 | Build | Palisade Wall |
| 9:40 | Build | Palisade Gate |
| 9:44 | Build | Palisade Gate |
| 10:09 | Build | Palisade Gate |
| 10:17 | Build | Palisade Wall |
| 10:31 | Build | House |
| 10:39 | Build | House |
| 10:46 | Create | Villager (Male) |
| 10:46 | Create | Villager (Male) |
| 10:54 | Research | Feudal Age |
| 11:05 | Build | House |
| 11:21 | Build | House |
| 11:58 | Build | Palisade Gate |
| 12:01 | Build | Palisade Gate |
| 12:08 | Build | House |
| 13:00 | Create | Villager (Male) |
| 13:00 | Create | Villager (Male) |
| 14:04 | Build | Mining Camp |
| 14:05 | Create | Villager (Male) |
| 14:05 | Create | Villager (Male) |
| 14:17 | Build | Barracks |
| 14:28 | Create | Villager (Male) |
| 14:29 | Create | Villager (Male) |
| 14:53 | Build | Fish Trap |
| 14:55 | Build | Fish Trap |
| 14:58 | Create | Militia |
| 14:59 | Create | Militia |
| 15:06 | Build | Market |
| 15:11 | Create | Villager (Male) |
| 15:28 | Create | Militia |
| 15:42 | Research | Man-at-Arms (upgrade) |
| 15:48 | Build | Farm |
| 15:50 | Build | Farm |
| 15:51 | Build | Farm |
| 15:52 | Build | Farm |
| 16:35 | Build | Farm |
| 16:43 | Build | House |
| 17:46 | Research | Gold Mining |
| 17:48 | Create | Villager (Male) |
| 17:48 | Create | Villager (Male) |
| 17:50 | Create | Villager (Male) |
| 17:51 | Create | Villager (Male) |
| 17:58 | Research | Double-Bit Axe |
| 18:00 | Research | Horse Collar |
| 18:09 | Create | Militia |
| 18:09 | Create | Militia |
| 18:12 | Create | Militia |
| 18:15 | Build | Archery Range |
| 18:16 | Build | Archery Range |
| 18:22 | Build | Stable |
| 18:23 | Build | Stable |
| 19:08 | Create | Scout Cavalry |
| 19:09 | Create | Scout Cavalry |
| 19:09 | Create | Scout Cavalry |
| 19:32 | Build | Farm |
| 19:33 | Create | Villager (Male) |
| 19:33 | Create | Villager (Male) |
| 19:34 | Create | Villager (Male) |
| 19:49 | Create | Scout Cavalry |
| 19:51 | Create | Militia |
| 19:57 | Build | House |
| 20:14 | Build | Farm |
| 20:18 | Build | Farm |
| 20:19 | Build | Farm |
| 20:21 | Build | Farm |
| 20:22 | Build | Farm |
| 20:24 | Build | Farm |
| 20:26 | Build | Farm |
| 20:39 | Build | Farm |
| 20:41 | Create | Villager (Male) |
| 21:17 | Build | Farm |
| 21:21 | Build | Farm |
| 21:22 | Create | Villager (Male) |
| 21:22 | Create | Villager (Male) |
| 21:23 | Create | Villager (Male) |
| 21:25 | Create | Scout Cavalry |
| 21:26 | Create | Scout Cavalry |
| 22:37 | Create | Villager (Male) |
| 22:37 | Create | Villager (Male) |
| 22:41 | Research | Wheelbarrow |
| 22:41 | Create | Villager (Male) |
| 22:42 | Create | Villager (Male) |
| 22:46 | Build | House |
| 22:51 | Build | House |
| 22:53 | Build | House |
| 22:55 | Build | House |
| 23:05 | Create | Villager (Male) |
| 23:28 | Create | Villager (Male) |
| 23:32 | Create | Militia |
| 23:33 | Create | Militia |
| 23:34 | Create | Spearman |
| 23:35 | Create | Spearman |
| 23:36 | Create | Scout Cavalry |
| 23:37 | Create | Scout Cavalry |
| 23:49 | Build | Farm |
| 23:50 | Create | Villager (Male) |
| 23:51 | Create | Villager (Male) |
| 25:36 | Research | Castle Age |
| 25:55 | Create | Spearman ×5 |
| 26:01 | Build | Barracks |
| 26:04 | Build | Barracks |
| 26:07 | Build | Farm |
| 26:08 | Build | Farm |
| 26:09 | Build | Farm |
| 26:09 | Build | Farm |
| 26:15 | Create | Villager (Male) |
| 26:15 | Create | Villager (Male) |
| 26:22 | Create | Scout Cavalry |
| 26:22 | Create | Scout Cavalry |
| 26:22 | Create | Scout Cavalry |
| 27:57 | Create | Villager (Male) |
Build order — webitos9958
First 150 of 461 actions detected
| 0:02 | Create | Villager (Male) |
| 0:02 | Create | Villager (Male) |
| 0:02 | Create | Villager (Male) |
| 0:02 | Create | Villager (Male) |
| 0:05 | Build | House |
| 0:38 | Build | House |
| 1:41 | Build | House |
| 1:44 | Build | House |
| 1:49 | Create | Villager (Male) |
| 2:42 | Create | Villager (Male) |
| 2:42 | Create | Villager (Male) |
| 3:13 | Create | Villager (Male) |
| 3:28 | Create | Villager (Male) |
| 3:36 | Build | Mill |
| 4:09 | Create | Villager (Male) |
| 4:09 | Create | Villager (Male) |
| 4:57 | Create | Villager (Male) |
| 5:14 | Build | Palisade Wall |
| 5:31 | Build | Palisade Gate |
| 5:38 | Create | Villager (Male) |
| 5:38 | Create | Villager (Male) |
| 6:17 | Create | Villager (Male) |
| 6:31 | Create | Villager (Male) |
| 7:06 | Create | Villager (Male) |
| 7:34 | Create | Villager (Male) |
| 7:50 | Create | Villager (Male) |
| 8:11 | Build | Lumber Camp |
| 8:29 | Create | Villager (Male) |
| 8:55 | Research | Feudal Age |
| 12:18 | Build | Market |
| 12:30 | Build | Blacksmith |
| 12:40 | Create | Villager (Male) |
| 12:54 | Research | Horse Collar |
| 13:26 | Research | Castle Age |
| 15:20 | Create | Villager (Male) |
| 15:20 | Create | Villager (Male) |
| 15:22 | Create | Villager (Male) |
| 15:29 | Build | House |
| 15:30 | Build | House |
| 15:31 | Build | House |
| 15:51 | Build | Farm |
| 15:52 | Build | Farm |
| 15:53 | Build | Farm |
| 15:54 | Build | Farm |
| 15:55 | Build | Farm |
| 15:56 | Build | Farm |
| 15:57 | Build | Farm |
| 15:59 | Build | Farm |
| 16:15 | Build | Town Center |
| 16:23 | Create | Villager (Male) |
| 16:30 | Build | Farm |
| 16:31 | Build | Farm |
| 16:33 | Build | Farm |
| 16:34 | Build | Farm |
| 17:05 | Create | Villager (Male) |
| 17:33 | Build | Monastery |
| 17:40 | Create | Villager (Male) |
| 18:05 | Create | Villager (Male) |
| 18:42 | Create | Monk |
| 18:45 | Build | Farm |
| 18:46 | Build | Farm |
| 18:47 | Build | Farm |
| 18:48 | Build | Farm |
| 18:50 | Build | Farm |
| 18:51 | Build | Farm |
| 18:57 | Create | Villager (Male) |
| 18:57 | Create | Villager (Male) |
| 19:08 | Create | Villager (Male) |
| 19:08 | Create | Villager (Male) |
| 19:37 | Create | Villager (Male) |
| 19:37 | Create | Villager (Male) |
| 20:32 | Create | Villager (Male) |
| 20:32 | Create | Villager (Male) |
| 20:33 | Create | Villager (Male) |
| 20:38 | Build | Farm |
| 20:39 | Build | Farm |
| 20:42 | Build | Farm |
| 20:43 | Build | Farm |
| 20:45 | Build | Town Center |
| 20:55 | Research | Heavy Plow |
| 20:59 | Create | Villager (Male) |
| 21:05 | Research | Fervor |
| 21:21 | Create | Villager (Male) |
| 21:21 | Create | Villager (Male) |
| 21:36 | Build | House |
| 21:38 | Build | House |
| 21:44 | Create | Villager (Male) |
| 21:44 | Create | Villager (Male) |
| 21:55 | Build | Farm |
| 21:57 | Build | Farm |
| 21:58 | Build | Farm |
| 21:59 | Build | Farm |
| 22:01 | Build | Farm |
| 22:02 | Build | Farm |
| 22:05 | Create | Villager (Male) |
| 22:05 | Create | Villager (Male) |
| 22:10 | Create | Villager (Male) |
| 22:36 | Create | Villager (Male) |
| 22:36 | Create | Villager (Male) |
| 22:38 | Create | Villager (Male) |
| 22:51 | Create | Villager (Male) |
| 22:58 | Create | Villager (Male) |
| 23:00 | Create | Villager (Male) |
| 23:19 | Build | Lumber Camp |
| 23:25 | Create | Villager (Male) |
| 23:25 | Create | Villager (Male) |
| 23:26 | Create | Villager (Male) |
| 23:32 | Research | Double-Bit Axe |
| 23:40 | Build | Barracks |
| 24:02 | Research | Bow Saw |
| 24:10 | Build | House |
| 24:13 | Build | House |
| 24:29 | Create | Villager (Male) |
| 24:29 | Create | Villager (Male) |
| 24:29 | Create | Villager (Male) |
| 24:30 | Create | Villager (Male) |
| 24:31 | Create | Villager (Male) |
| 24:46 | Build | Stone Wall |
| 24:59 | Create | Villager (Male) |
| 25:00 | Create | Villager (Male) |
| 25:00 | Create | Villager (Male) |
| 25:06 | Create | Villager (Male) |
| 25:07 | Create | Villager (Male) |
| 25:14 | Build | Lumber Camp |
| 25:49 | Research | Wheelbarrow |
| 25:50 | Research | Loom |
| 25:50 | Research | Town Watch |
| 25:57 | Build | House |
| 25:58 | Build | House |
| 26:00 | Build | House |
| 26:03 | Build | House |
| 26:05 | Build | House |
| 26:53 | Create | Villager (Male) |
| 26:54 | Create | Villager (Male) |
| 26:54 | Create | Villager (Male) |
| 26:54 | Create | Villager (Male) |
| 26:55 | Create | Villager (Male) |
| 26:56 | Create | Villager (Male) |
| 27:29 | Build | Stone Wall |
| 27:58 | Create | Villager (Male) |
| 27:58 | Create | Villager (Male) |
| 27:58 | Create | Villager (Male) |
| 28:01 | Build | Stable |
| 28:02 | Build | Stable |
| 28:03 | Build | Stable |
| 28:11 | Research | Forging |
| 28:11 | Research | Scale Barding Armor |
| 28:14 | Create | Villager (Male) |
| 28:15 | Create | Villager (Male) |
| 28:31 | Build | Stone Wall |
Build order — jeandesroche
28 actions detected in the replay
| 0:02 | Create | Villager (Male) |
| 0:02 | Create | Villager (Male) |
| 0:04 | Build | House |
| 0:07 | Build | House |
| 0:36 | Research | Loom |
| 0:36 | Create | Villager (Male) |
| 0:37 | Create | Villager (Male) |
| 1:25 | Build | Palisade Wall |
| 1:35 | Build | Palisade Wall |
| 1:39 | Create | Villager (Male) |
| 1:39 | Create | Villager (Male) |
| 2:24 | Create | Villager (Male) |
| 2:25 | Create | Villager (Male) |
| 3:35 | Create | Villager (Male) |
| 3:36 | Create | Villager (Male) |
| 4:09 | Build | House |
| 4:18 | Create | Villager (Male) |
| 4:18 | Create | Villager (Male) |
| 4:19 | Create | Villager (Male) |
| 5:40 | Build | House |
| 5:52 | Create | Villager (Male) |
| 5:52 | Create | Villager (Male) |
| 5:52 | Create | Villager (Male) |
| 5:53 | Create | Villager (Male) |
| 6:59 | Build | House |
| 7:05 | Create | Villager (Male) |
| 7:05 | Create | Villager (Male) |
| 7:06 | Create | Villager (Male) |
Build order — TURKS COMING!
First 150 of 548 actions detected
| 0:07 | Build | House |
| 0:08 | Build | House |
| 0:10 | Build | House |
| 0:11 | Build | House |
| 0:13 | Build | House |
| 0:22 | Create | Villager (Male) |
| 0:22 | Create | Villager (Male) |
| 0:23 | Create | Villager (Male) |
| 0:23 | Create | Villager (Male) |
| 0:23 | Create | Villager (Male) |
| 0:23 | Create | Villager (Male) |
| 1:22 | Research | Loom |
| 2:40 | Create | Villager (Male) |
| 2:41 | Create | Villager (Male) |
| 2:41 | Create | Villager (Male) |
| 3:24 | Create | Villager (Male) |
| 3:24 | Create | Villager (Male) |
| 3:31 | Build | Lumber Camp |
| 4:09 | Create | Villager (Male) |
| 4:09 | Create | Villager (Male) |
| 4:47 | Create | Villager (Male) |
| 4:48 | Create | Villager (Male) |
| 5:22 | Create | Villager (Male) |
| 5:57 | Create | Villager (Male) |
| 5:57 | Create | Villager (Male) |
| 6:51 | Build | Palisade Wall |
| 6:55 | Create | Villager (Male) |
| 6:55 | Create | Villager (Male) |
| 6:56 | Create | Villager (Male) |
| 7:15 | Create | Villager (Male) |
| 7:15 | Create | Villager (Male) |
| 7:42 | Build | Palisade Gate |
| 7:47 | Create | Villager (Male) |
| 7:48 | Create | Villager (Male) |
| 7:49 | Create | Villager (Male) |
| 8:41 | Create | Villager (Male) |
| 8:49 | Create | Villager (Male) |
| 8:50 | Create | Villager (Male) |
| 9:14 | Build | Palisade Wall |
| 9:39 | Build | Palisade Wall |
| 10:16 | Create | Villager (Male) |
| 10:16 | Create | Villager (Male) |
| 10:17 | Create | Villager (Male) |
| 10:17 | Create | Villager (Male) |
| 10:38 | Build | Palisade Wall |
| 10:42 | Build | Palisade Wall |
| 10:48 | Create | Villager (Male) |
| 10:48 | Create | Villager (Male) |
| 10:55 | Build | Mill |
| 12:12 | Create | Villager (Male) |
| 14:04 | Research | Feudal Age |
| 14:04 | Research | Feudal Age |
| 14:15 | Build | Farm |
| 14:16 | Build | Farm |
| 14:17 | Build | Farm |
| 14:18 | Build | Farm |
| 14:19 | Build | Farm |
| 14:20 | Build | Farm |
| 14:21 | Build | Farm |
| 16:14 | Age | Feudal Age |
| 16:28 | Create | Villager (Male) |
| 16:28 | Create | Villager (Male) |
| 16:28 | Create | Villager (Male) |
| 16:29 | Create | Villager (Male) |
| 16:30 | Create | Villager (Male) |
| 16:32 | Research | Double-Bit Axe |
| 16:33 | Research | Horse Collar |
| 16:45 | Build | Lumber Camp |
| 17:25 | Create | Villager (Male) |
| 17:26 | Create | Villager (Male) |
| 17:47 | Build | House |
| 17:50 | Build | House |
| 17:53 | Build | House |
| 18:37 | Build | Farm |
| 18:38 | Build | Farm |
| 18:39 | Build | Farm |
| 18:40 | Build | Farm |
| 18:41 | Build | Farm |
| 18:43 | Build | Farm |
| 18:50 | Create | Villager (Male) |
| 18:51 | Create | Villager (Male) |
| 19:07 | Create | Villager (Male) |
| 19:18 | Create | Villager (Male) |
| 19:22 | Build | Farm |
| 19:28 | Build | Farm |
| 19:51 | Build | Barracks |
| 19:55 | Build | Blacksmith |
| 20:05 | Build | Farm |
| 20:19 | Build | Farm |
| 20:23 | Create | Villager (Male) |
| 20:48 | Build | Stable |
| 20:58 | Build | Farm |
| 21:02 | Create | Villager (Male) |
| 21:08 | Build | Farm |
| 21:12 | Create | Villager (Male) |
| 21:13 | Create | Villager (Male) |
| 21:37 | Build | Mining Camp |
| 21:47 | Create | Scout Cavalry |
| 21:48 | Create | Scout Cavalry |
| 21:48 | Create | Scout Cavalry |
| 21:49 | Create | Scout Cavalry |
| 21:49 | Create | Scout Cavalry |
| 22:06 | Create | Villager (Male) |
| 22:16 | Build | Blacksmith |
| 22:22 | Create | Scout Cavalry |
| 22:57 | Research | Gold Mining |
| 23:06 | Build | Stable |
| 23:07 | Build | Stable |
| 23:08 | Build | Stable |
| 23:11 | Research | Scale Barding Armor |
| 23:11 | Research | Forging |
| 23:25 | Build | House |
| 23:58 | Create | Villager (Male) |
| 23:59 | Create | Villager (Male) |
| 24:01 | Create | Villager (Male) |
| 24:06 | Research | Castle Age |
| 24:53 | Create | Scout Cavalry |
| 24:53 | Create | Scout Cavalry |
| 24:54 | Create | Scout Cavalry |
| 24:55 | Create | Scout Cavalry |
| 24:55 | Create | Scout Cavalry |
| 24:57 | Create | Scout Cavalry |
| 24:57 | Create | Scout Cavalry |
| 24:58 | Create | Scout Cavalry |
| 27:43 | Build | House |
| 27:43 | Build | House |
| 27:43 | Build | House |
| 27:43 | Build | House |
| 27:44 | Build | House |
| 27:44 | Build | House |
| 27:45 | Build | House |
| 27:45 | Build | House |
| 27:45 | Build | House |
| 27:53 | Age | Castle Age |
| 28:17 | Create | Knight |
| 28:18 | Create | Knight |
| 28:18 | Create | Knight |
| 28:18 | Create | Knight |
| 28:18 | Create | Knight |
| 28:31 | Create | Villager (Male) |
| 28:31 | Create | Villager (Male) |
| 28:32 | Create | Villager (Male) |
| 28:33 | Create | Villager (Male) |
| 29:04 | Create | Villager (Male) |
| 29:05 | Create | Villager (Male) |
| 29:16 | Create | Scout Cavalry |
| 29:19 | Create | Villager (Male) |
| 29:20 | Create | Villager (Male) |
| 29:20 | Create | Villager (Male) |
| 29:20 | Create | Villager (Male) |
Match timeline
| 0:41 | DialZero · wall_segment Palisade Wall x8 |
| 0:44 | DialZero · wall_segment Palisade Wall x3 |
| 0:46 | DialZero · wall_segment Palisade Wall x1 |
| 1:25 | jeandesroche · wall_segment Palisade Wall x12 |
| 1:35 | jeandesroche · wall_segment Palisade Wall x12 |
| 1:56 | miri__27 · wall_segment Palisade Wall x12 |
| 2:02 | miri__27 · wall_segment Palisade Wall x11 |
| 3:30 | zelda699 · first_building Barracks |
| 5:14 | webitos9958 · wall_segment Palisade Wall x14 |
| 5:30 | KarlMarx6470 · first_building Dock |
| 6:51 | TURKS COMING! · wall_segment Palisade Wall x8 |
| 7:24 | jeandesroche · resign |
| 9:00 | miri__27 · wall_segment Palisade Wall x16 |
| 9:14 | TURKS COMING! · wall_segment Palisade Wall x10 |
| 9:38 | KarlMarx6470 · wall_segment Palisade Wall x9 |
| 9:39 | TURKS COMING! · wall_segment Palisade Wall x10 |
| 10:17 | KarlMarx6470 · wall_segment Palisade Wall x2 |
| 10:38 | TURKS COMING! · wall_segment Palisade Wall x7 |
| 10:42 | TURKS COMING! · wall_segment Palisade Wall x10 |
| 11:13 | DarkMatrix · first_building Dock |
| 11:27 | DialZero · first_building Barracks |
| 11:38 | miri__27 · first_building Dock |
| 12:18 | DialZero · age_up feudal |
| 12:26 | DarkMatrix · age_up feudal |
| 12:46 | DialZero · first_building Archery Range |
| 13:15 | miri__27 · age_up feudal |
| 13:17 | webitos9958 · first_market_sell 100 wood |
| 13:30 | miri__27 · first_building Stable |
| 14:17 | KarlMarx6470 · first_building Barracks |
| 16:08 | DialZero · first_market_sell 100 food |
| 16:14 | TURKS COMING! · age_up feudal |
| 17:33 | webitos9958 · first_building Monastery |
| 18:15 | KarlMarx6470 · first_building Archery Range |
| 18:22 | KarlMarx6470 · first_building Stable |
| 19:49 | zelda699 · age_up feudal |
| 19:51 | TURKS COMING! · first_building Barracks |
| 20:48 | TURKS COMING! · first_building Stable |
| 21:35 | miri__27 · age_up castle |
| 23:40 | webitos9958 · first_building Barracks |
| 23:52 | DarkMatrix · age_up castle |
| 23:55 | DialZero · age_up castle |
| 24:00 | DialZero · first_market_buy 100 wood |
| 24:05 | DialZero · first_building Siege Workshop |
| 24:46 | webitos9958 · wall_segment Stone Wall x20 |
| 25:21 | KarlMarx6470 · first_market_buy 100 food |
| 27:29 | webitos9958 · wall_segment Stone Wall x19 |
| 27:45 | miri__27 · first_building Siege Workshop |
| 27:53 | TURKS COMING! · age_up castle |
| 28:01 | webitos9958 · first_building Stable |
| 28:31 | webitos9958 · wall_segment Stone Wall x8 |
| 28:41 | webitos9958 · wall_segment Stone Wall x11 |
| 29:30 | DarkMatrix · first_building Barracks |
| 30:10 | DialZero · first_building Monastery |
| 30:20 | KarlMarx6470 · first_building Siege Workshop |
| 31:12 | DarkMatrix · first_building Monastery |
| 32:44 | DialZero · first_building Castle |
| 32:57 | DarkMatrix · first_building Castle |
| 32:57 | webitos9958 · first_building Castle |
| 33:33 | miri__27 · first_building Castle |
| 33:40 | KarlMarx6470 · first_market_sell 100 food |
| 33:44 | webitos9958 · wall_segment Stone Wall x13 |
| 35:55 | DarkMatrix · age_up imperial |
| 35:56 | TURKS COMING! · first_building Siege Workshop |
| 37:34 | webitos9958 · wall_segment Stone Wall x14 |
| 38:05 | webitos9958 · wall_segment Stone Wall x3 |
| 38:41 | DarkMatrix · first_building Siege Workshop |
| 41:38 | miri__27 · age_up imperial |
| 42:29 | TURKS COMING! · first_building Castle |
| 43:07 | webitos9958 · first_market_buy 100 food |
| 44:49 | webitos9958 · first_building Siege Workshop |
| 46:10 | KarlMarx6470 · first_building Monastery |
| 46:29 | DialZero · age_up imperial |
| 47:36 | TURKS COMING! · first_market_sell 100 wood |
| 48:19 | TURKS COMING! · age_up imperial |
| 49:51 | KarlMarx6470 · first_building Castle |
| 56:44 | webitos9958 · first_building Archery Range |
[ AI ANALYSIS · 1 CREDIT ]
What really happened in this match?
Wolo.gg analyzes every decision: build order, eco, micro, common mistakes by bracket. Personalized analysis on WhatsApp or Discord in 30 seconds.
Civ guide
Ethiopians
Perfil
Jugador #2700829